 Dungeon Crawl Stone Soup version 0.19.5 (webtiles) character file.

112 ArtsTyrian the Skirmisher (level 4, -1/36 HPs)
             Began as a Demonspawn Abyssal Knight on May 15, 2017.
             Was a Follower of Lugonu.
             Slain by Sigmund
             ... wielding a +0 scythe
              (10 damage)
             ... on level 3 of the Dungeon.
             The game lasted 00:29:48 (1873 turns).

ArtsTyrian the Skirmisher (DsAK)                    Turns: 1873, Time: 00:29:51

Health: -1/36      AC:  5    Str: 14    XL:     4   Next: 63%
Magic:  5/5        EV:  6    Int: 13    God:    Lugonu [*.....]
Gold:   233        SH:  0    Dex: 12    Spells: 0 memorised, 3 levels left

rFire  . . .     SeeInvis .     a - +1 mace
rCold  + . .     Gourm    .     G - +1 chain mail
rNeg   . . .     Faith    .     (no shield)
rPois  +         Spirit   .     (helmet restricted)
rElec  .         Reflect  .     (no cloak)
rCorr  .         Harm     .     (no gloves)
MR     +....     Clarity  +     (no boots)
Stlth  ..........               (no amulet)
                                (no ring)
                                (no ring)

@: no status effects
A: antennae 1, clarity, cold resistance 1, deformed body, low mp 1, magic
resistance 1, mutation resistance 1, poison resistance
a: Depart the Abyss, Renounce Religion


You were on level 3 of the Dungeon.
You worshipped Lugonu.
Lugonu was aware of your devotion.
You were not hungry.

You visited 1 branch of the dungeon, and saw 3 of its levels.
You visited the Abyss 1 time.

You collected 233 gold pieces.

Inventory:

Hand Weapons
 a - a +1 mace (weapon)
 d - a +0 hunting sling
 f - a +0 dagger
 g - a +0 club
 h - a +0 spear
 i - a +0 club
 k - a +0 dagger of draining
 m - a +0 club
 p - a +0 dagger
 q - a +0 club
 r - a +0 hunting sling
 t - a +0 mace
 u - a +0 spear
 v - a +0 dagger
 z - a +0 dagger
 B - a +0 club
 C - a +0 club
 D - a +0 dagger
 F - a +0 short sword
 H - a +0 dagger
 I - a +0 spear
 J - a +0 dagger
 L - a +0 club
 O - a +0 club
 Q - a +0 blowgun
 S - a +0 dagger
 U - a +0 dagger
Missiles
 l - 138 stones (quivered)
 A - 40 arrows
 T - 9 poisoned needles
Armour
 b - a +0 leather armour
 e - a +0 robe
 n - a +0 ring mail
 s - a cursed +0 scale mail
 w - a +0 helmet
 E - a +0 ring mail
 G - a +1 chain mail (worn)
 P - a +0 leather armour
 V - a +0 robe
Wands
 o - a wand of iceblast (6/15)
Scrolls
 K - a scroll of amnesia {unknown}
 M - a scroll of teleportation {unknown}
Potions
 x - a potion of haste
 N - a potion of ambrosia
Comestibles
 c - 3 bread rations
 j - 2 beef jerkies
 R - 6 chunks of flesh


   Skills:
 + Level 3.6 Fighting
 + Level 3.1 Maces & Flails
 + Level 0.8 Throwing
 + Level 2.1 Armour
 + Level 1.5 Dodging
 + Level 0.2 Stealth
 + Level 2.7 Invocations


You had 3 spell levels left.
You didn't know any spells.

Dungeon Overview and Level Annotations

Branches:
Dungeon (3/15)

Altars:

Annotations:
D:3 Sigmund


Innate Abilities, Weirdness & Mutations

You have a pair of small antennae on your head.
Your flesh is cold resistant. (rC+)
You possess an exceptional clarity of mind.
Armour fits poorly on your strangely shaped body.
Your magical capacity is low. (-10% MP)
You are resistant to hostile enchantments. (MR+)
You are somewhat resistant to further mutation.
Your system is resistant to poisons. (rPois)


Message History

Press: ? - help, Shift-Dir - straight line, f/p - Sigmund
Aim: Sigmund, wielding a scythe and wearing a glowing robe (lightly wounded)
You throw a stone.
The stone hits Sigmund but does no damage.
Sigmund is lightly wounded.
Sigmund hits you from afar with a scythe!
Sigmund says, "I'm your fate." Sigmund barely misses you.
You hit Sigmund.
Sigmund is moderately wounded.
Sigmund hits you with a scythe!
You hit Sigmund.
Sigmund is moderately wounded.
You closely miss Sigmund.
Sigmund is moderately wounded.
Sigmund casts a spell at you. The magic dart hits you!
* * * LOW HITPOINT WARNING * * *
Sigmund hits you with a scythe!
You die...

...... ## ......#
#.##### .......#......#
#(# ### #.# ..# #(# #.#
# #(# ## #.##.# #@# ..
.....# #@# ###.###.##.#
#.# ...........#####.#
.................# #
#...###.##.#####.#####.#
..# #.##......<.รท<...#
# ###.##.####.###.####
#..##...%.......# #.#
..............#.###.#


You could see Sigmund.

Vanquished Creatures
  Jessica (D:3)
  Ijyb (D:3)
  An adder (D:2)
  An ooze (D:1)
  A worm (D:2)
  2 leopard geckos
  6 bats
  2 giant cockroaches (D:1)
  7 goblins
  6 hobgoblins
  A jackal (D:1)
  3 kobolds
  2 quokkas (D:2)
  3 frilled lizards
  2 rats
39 creatures vanquished.

Notes
Turn   | Place    | Note
-------+----------+-------------------------------------------
     0 | Abyss:1  | ArtsTyrian the Demonspawn Abyssal Knight began the quest for the Orb.
     0 | Abyss:1  | Reached XP level 1. HP: 18/18 MP: 2/2
     0 | D:1      | Escaped the Abyss
    74 | D:1      | Gained mutation: Your flesh is cold resistant. (rC+) [demonic ancestry]
    74 | D:1      | Reached XP level 2. HP: 20/24 MP: 3/3
   213 | D:1      | Reached * piety under Lugonu
   253 | D:1      | Reached skill level 1 in Dodging
   589 | D:2      | Gained mutation: You have a pair of small antennae on your head. [demonic ancestry]
   589 | D:2      | Reached XP level 3. HP: 24/29 MP: 5/5
  1302 | D:3      | Gained mutation: Your system is resistant to poisons. (rPois) [potion of mutation]
  1302 | D:3      | Gained mutation: Armour fits poorly on your strangely shaped body. [potion of mutation]
  1302 | D:3      | Gained mutation: You are weak. (Str -2) [potion of mutation]
  1303 | D:3      | Gained mutation: You possess an exceptional clarity of mind. [potion of mutation]
  1303 | D:3      | Gained mutation: You are resistant to hostile enchantments. (MR+) [potion of mutation]
  1396 | D:3      | Gained mutation: Your magical capacity is low. (-10% MP) [potion of mutation]
  1396 | D:3      | Lost mutation: You are weak. (Str -2) [potion of mutation]
  1396 | D:3      | Gained mutation: You are somewhat resistant to further mutation. [potion of mutation]
  1451 | D:3      | Noticed Ijyb
  1489 | D:3      | Killed Ijyb
  1489 | D:3      | Reached XP level 4. HP: 7/36 MP: 5/5
  1837 | D:3      | Noticed Jessica
  1847 | D:3      | Killed Jessica
  1858 | D:3      | Noticed Sigmund
  1873 | D:3      | Slain by Sigmund

Skill      XL: |  1  2  3  4 |
---------------+-------------+-----
Maces & Flails | 2 3 |  3.1
Dodging        | 1 |  1.5
Armour         | 2 |  2.1
Fighting       | |  3.6
Throwing       | |  0.8
Stealth        | |  0.2
Invocations    | |  2.7

Action                   |  1- 3 |  4- 6 || total
-------------------------+-------+-------++-------
Melee: Mace              |   145 |    20 ||   165
Throw: Stone             |    20 |    12 ||    32
Invok: Depart the Abyss  |     1 |       ||     1
  Use: Scroll            |     9 |     2 ||    11
       Potion            |     4 |       ||     4
  Eat: Meat ration       |     1 |       ||     1
       Pizza             |     1 |       ||     1
Armor: Leather armour    |    34 |       ||    34
       Chain mail        |    28 |     6 ||    34
Dodge: Dodged            |    69 |    12 ||    81
